 Dungeon Crawl Stone Soup version 0.32-a0-42-ga30500b4d3 (webtiles) character file.

Game seed: 14770176277362538688

89348 anacleto the Metamorph (level 15, -7/168 (172) HPs)
             Began as a Demonspawn Shapeshifter on Feb 3, 2024.
             Was a High Priest of Dithmenos.
             Incinerated by a deep elf pyromancer (25 damage)
             ... with a pyre arrow
             ... on level 15 of the Dungeon.
             The game lasted 01:56:53 (26352 turns).

anacleto the Metamorph (Demonspawn Shapeshifter)   Turns: 26352, Time: 01:56:56

HP:   -7/168 (172)  AC: 27    Str: 16    XL:     15   Next: 49%
MP:   21/21         EV:  2    Int: 17    God:    Dithmenos [*****.]
Gold: 416           SH:  5    Dex: 18    Spells: 3/23 levels left

rFire   . .          .
                       - Unarmed
rCold   . . .        (no shield)
rNeg    . . .        R - melded +1 troll leather armour
rPois   +            i - melded +4 helmet of the Distant Future {Int+3}
rElec   .            (cloak unavailable)
rCorr   .            (gloves currently unavailable)
SInv    .            (boots currently unavailable)
Will    +....        Z - amulet of reflection
Stlth   ++           s - +4 ring of slaying
HPRegen 0.48/turn    t - +6 ring of dexterity
MPRegen 0.34/turn

%: reflection
@: on fire, tree-form, glowing, studying Long Blades, lightly drained
A: stationary, stasis, torment immunity, boosted hp, (large bone plates 3), foul
stench 2, robust 1, magic regeneration, (weakness stinger 3)
a: Renounce Religion, Shadow Step, Shadow Form


You were on level 15 of the Dungeon.
You worshipped Dithmenos.
Dithmenos was extremely pleased with you.
You were a tree.
You visited 4 branches of the dungeon, and saw 23 of its levels.
You also visited: Gauntlet.

You collected 1971 gold pieces.
You spent 1555 gold pieces at shops.

Inventory:

Hand Weapons
 b - a +1 arbalest
Missiles
 m - 191 stones
 T - 4 curare-tipped darts
Armour
 i - the +4 helmet of the Distant Future (melded) {Int+3}
   (You found it in a Gauntlet)

   Int+3:     It affects your intelligence (+3).
 H - a +2 hat
 R - a +1 troll leather armour (melded)
Jewellery
 s - a +4 ring of slaying (left branch)
 t - a +6 ring of dexterity (right branch)
 Z - an amulet of reflection (around neck)
Talismans
 x - a talisman of death
 I - a granite talisman (active)
Wands
 c - a wand of iceblast (3)
 g - a wand of flame (11)
 v - a wand of polymorph (16)
 J - a wand of mindburst (18)
 K - a wand of charming (16)
 L - a wand of quicksilver (20)
Scrolls
 e - 3 scrolls of silence
 j - 2 scrolls of blinking
 n - 2 scrolls of amnesia
 o - a scroll of fear
 p - 5 scrolls of immolation
 r - 4 scrolls of teleportation
 y - a scroll of revelation
 B - 3 scrolls of poison
 W - a scroll of butterflies
 X - 2 scrolls of enchant weapon
Potions
 f - 4 potions of haste
 h - a potion of magic
 k - 3 potions of might
 l - a potion of cancellation
 q - a potion of mutation
 u - 2 potions of enlightenment
 z - a potion of lignification
 A - 12 potions of curing
 E - 5 potions of resistance
 G - 2 potions of brilliance
 N - 3 potions of invisibility
 O - 2 potions of attraction
 Q - a potion of heal wounds
 S - a potion of ambrosia {unknown}
 V - 2 potions of berserk rage
Miscellaneous
 C - a condenser vane (inert)


   Skills:
 - Level 6.0 Fighting
 - Level 6.0 Ranged Weapons
 - Level 5.5 Dodging
 - Level 5.4 Stealth
 - Level 5.9 Unarmed Combat
 - Level 4.5 Spellcasting
 - Level 4.9 Conjurations
 - Level 7.8 Earth Magic
 - Level 4.1 Alchemy
 - Level 8.7 Invocations
 * Level 17.6 Shapeshifting


You had 3 spell levels left.
You knew the following spells:

 Your Spells              Type           Power      Damage    Failure   Level
a - Sandblast             Erth           60%        2d14      1%          1
b - Passwall              Erth           30%        N/A       1%          3
c - Stone Arrow           Conj/Erth      50%        3d10      3%          3
d - Brom's Barrelling Bo  Conj/Erth      25%        2d5       11%         4
e - Petrify               Alch/Erth      24%        N/A       13%         4
f - Irradiate             Conj/Alch      9%         3d14      54%         5

Your spell library contained the following spells:

 Spells                   Type           Power      Damage    Failure   Level
 Magic Dart               Conj           80%        1d7       1%          1
 Searing Ray              Conj           40%        2d5       3%          2
 Shock                    Conj/Air       48%        1d6       5%          1
 Mercury Vapours          Alch/Air       20%        N/A       10%         2
 Mephitic Cloud           Conj/Alch/Air  14%        N/A       13%         3
 Call Imp                 Summ           6%         N/A       22%         2
 Fugue of the Fallen      Necr           3%         N/A       41%         3
 Ozocubu's Armour         Ice            3%         N/A       41%         3
 Fulminant Prism          Conj/Alch      9%         3d6       22%         4
 Cause Fear               Hex            1%         N/A       83%         4
 Manifold Assault         Tloc           3%         N/A       83%         4
 Summon Blazeheart Golem  Fire/Summ      3%         N/A       83%         4
 Fireball                 Conj/Fire      6%         3d5       83%         5
 Freezing Cloud           Conj/Ice/Air   4%         6-21      91%         5
 Conjure Ball Lightning   Conj/Air       6%         3x3d6     100%        6
 Dispersal                Tloc           1%         N/A       100%        6
 Orb of Destruction       Conj           10%        9d6       100%        7
 Spellforged Servitor     Conj/Summ      6%         N/A       100%        7
 Summon Hydra             Summ           1%         N/A       100%        7
 Disjunction              Tloc           1%         N/A       100%        8
 Dragon's Call            Summ           1%         N/A       100%        9
 Sublimation of Blood     Necr           Unusable   N/A       N/A         2

Dungeon Overview and Level Annotations

Branches:
Dungeon (15/15)            Temple (1/1) D:7            Lair (5/5) D:9
  Swamp (0/4) Lair:2        Snake (0/4) Lair:2        Slime (0/5) Lair:5
    Orc (2/2) D:9             Elf (0/3) Orc:2        Vaults (0/5) D:14
 Depths (0/4) D:15        Gauntlet (visited)

Altars:
Ashenzari
Cheibriados
Dithmenos
Fedhas
Gozag
Hepliaklqana
Kikubaaqudgha
Makhleb
Nemelex Xobeh
Okawaru
Qazlal
Ru
Sif Muna
Trog
Uskayaw
Vehumet
Wu Jian
Xom
Yredelemnul
Jiyva

Shops:
D:2 ?   D:4 *   Orc:2 *[!(:


Innate Abilities, Weirdness & Mutations

You are a tree.
Your roots penetrate the ground, keeping you stationary.
You cannot be teleported.
You are immune to unholy pain and torment.
Your maximum health is greatly increased.
Your equipment is partially melded.
You are immune to poison.
((You are completely covered in large bone plates. (SH +8)))
You sometimes emit foul miasma when damaged in melee.
You are robust. (+10% HP)
You regenerate magic rapidly.
((You have a sharp stinger which inflicts weakening toxins.))


Message History

The deep elf pyromancer hits the bush but does no damage.
As you read the scroll of teleportation, it crumbles to dust.
You feel strangely unstable. You block the fire elemental's attack.
The deep elf pyromancer casts a spell at you.
The pyre arrow hits you.
You are covered in intense liquid fire!
The fire elemental hits you.
The deep elf pyromancer hits the bush with a +0 long sword.
You shake off some of the fire as you move.
The liquid fire burns you! The fire elemental hits you.
The fire elemental burns you!
The deep elf pyromancer points at you and mumbles some strange words.
The pyre arrow hits you.
You are even more covered in intense liquid fire!
You shake off some of the fire as you move.
The liquid fire burns you!
* * * LOW HITPOINT WARNING * * *
Your surroundings suddenly seem different.
You shake off some of the fire as you move.
The liquid fire burns you!
* * * LOW HITPOINT WARNING * * *
You are on fire!
You feel much better. The liquid fire burns you!
* * * LOW HITPOINT WARNING * * *
The liquid fire burns you!
* * * LOW HITPOINT WARNING * * *
You feel much better. The liquid fire burns you!
* * * LOW HITPOINT WARNING * * *
The liquid fire burns you!
* * * LOW HITPOINT WARNING * * *
You revert to your normal fleshy form.
Your +1 troll leather armour unmelds from your body.
You turn into a tree.
The +4 helmet of the Distant Future {Int+3} melds into your body.
Your +1 troll leather armour melds into your body.
Your roots penetrate the ground.
The liquid fire burns you!
You die...

,+,####....####..PP.P...P.PP..*
,*,,,,#....# #..P.PP...P♣.P..*
,*,,,,#....# #...PPP...PPP..,***
,*,,,,#....# #...............,,,
,*,,,,#....####...............,,*
**,,,,#....).......#..........,**
,,,,,,##...........#..........**,
,,,,,,,#.#####.....####.......+,,
,,,,,,,#.* #..♣.....#.......##,
,,,,,,,#.* #........#........##
,,,****#.* #........#.........#
,,,*,,,,,* #........#..........
**,*,,,,,* #...######..........
,*,*,,,,,* #...#...............
,*,#..lJJ#####...'...............
,*,#.............#...............
+*,########......#...............


There were no monsters in sight!

Vanquished Creatures
  Gastronok (Lair:1)
  Frances (D:13)
  Kirke (Lair:3)
  A minotaur (Gauntlet)
  A green death (Gauntlet)
  5 vault guards
  Fannar (D:11)
  Erolcha (D:11)
  An ogre mage (D:14)
  2 hydras
  2 catoblepae
  A merfolk avatar (Lair:5)
  2 boulder beetles
  6 centaur warriors
  A tengu warrior (D:13)
  3 death yaks (Lair:1)
  4 two-headed ogres
  An occultist (D:15)
  Urug (D:13)
  Sonja (Lair:1)
  2 skysharks
  A sea snake (Lair:5)
  Pikel (D:4)
  2 lindwurms
  2 orc knights (Orc:2)
  16 ugly things
  A deep elf pyromancer (D:14)
  5 cyclopes
  Maurice (D:7)
  A manticore (D:12)
  An orc sorcerer (D:14)
  6 black mambas
  12 elephants
  3 kobold blastminers
  8 slime creatures
  5 gargoyles
  2 orange demons (Gauntlet)
  A molten gargoyle (Lair:3)
  12 cane toads
  An unseen horror (D:11)
  A freezing wraith (D:12)
  6 rime drakes
  A kobold demonologist (D:12)
  A tengu conjurer (D:14)
  Maggie (D:7)
  7 komodo dragons
  A yaktaur (D:14)
  5 trolls
  2 wind drakes (Lair:5)
  Prince Ribbit (D:7)
  Grinder (D:4)
  2 polar bears (Lair:5)
  A hornet (D:8)
  10 dream sheep
  22 blink frogs
  5 centaur simulacra
  Sigmund (D:4)
  A shadow (D:12)
  A human (D:14)
  5 wraiths
  4 hogs
  A yak (shapeshifter) (D:14)
  8 wyverns
  54 yaks
  A warg (D:9)
  5 vampire mosquitoes
  5 basilisks
  2 steam dragons
  A neqoxec (Gauntlet)
  3 chaos spawn (Gauntlet)
  A naga (Lair:2)
  Duvessa (D:5)
  2 acid dragons
  10 water moccasins
  33 orc warriors
  A black bear (D:7)
  A sky beast (D:7)
  A meliai simulacrum (Gauntlet)
  2 laughing skulls (D:15)
  An ice beast (D:5)
  11 wolves
  15 centaurs
  6 ogres
  A lemure (D:4)
  3 phantoms
  A kobold brigand (D:9)
  A gnoll sergeant (D:6)
  7 bullfrogs
  9 wights
  Dowan (D:5)
  9 killer bees (D:10)
  4 howler monkeys
  2 bombardier beetles
  5 hounds
  11 jellies
  A wyvern simulacrum (Gauntlet)
  14 orc priests
  2 sleepcaps (D:6)
  5 iguanas
  5 hell rats (Lair:1)
  13 orc wizards
  A boggart simulacrum (D:14)
  7 gnolls
  6 adders
  2 shadow imps
  5 white imps
  6 ufetubi
  2 dart slugs
  63 orcs
  7 endoplasms
  5 giant cockroaches
  9 goblins
  3 hobgoblins
  5 jackals
  3 quokkas
  11 ball pythons
  3 frilled lizards
  15 kobolds
  4 rats
615 creatures vanquished.

Vanquished Creatures (collateral kills)
  7 boulders
7 creatures vanquished.

Vanquished Creatures (others)
  A human (D:3)
  A scorpion (D:6)
  An iguana (D:6)
  An ufetubus (D:6)
  An orc (D:6)
  A boulder (Lair:5)
6 creatures vanquished.

Grand Total: 628 creatures vanquished

Notes
Turn   | Place    | Note
-------+----------+-------------------------------------------
     0 | D:1      | anacleto the Demonspawn Shapeshifter began the quest for
                  | the Orb.
     0 | D:1      | Reached XP level 1. HP: 15/15 MP: 1/1
   215 | D:1      | Gained mutation: You are partially covered in large bone
                  | plates. (SH +4) [demonic ancestry]
   215 | D:1      | Reached XP level 2. HP: 12/21 MP: 2/2
   253 | D:1      | Learned a level 1 spell: Sandblast
   950 | D:2      | Found Bysytze's Magic Scroll Shop.
   959 | D:2      | Bought a scroll of identify for 28 gold pieces
  1120 | D:2      | Found a shadowy altar of Dithmenos.
  1142 | D:2      | Became a worshipper of Dithmenos the Shadowed
  1203 | D:2      | Gained mutation: You are mostly covered in large bone
                  | plates. (SH +6) [demonic ancestry]
  1203 | D:2      | Reached XP level 3. HP: 17/26 MP: 3/3
  1969 | D:3      | Reached skill level 3 in Shapeshifting
  2085 | D:3      | Found an ancient bone altar of Kikubaaqudgha.
  2087 | D:3      | Noticed a human
  2090 | D:3      | Killed a human
  2400 | D:3      | Gained mutation: You have a small tail. [demonic ancestry]
  2400 | D:3      | Reached XP level 4. HP: 31/33 MP: 4/4
  2451 | D:3      | Reached skill level 1 in Earth Magic
  2467 | D:3      | Identified the +0 scale mail "Tyrimpoy" {rPois Stlth+}
  2788 | D:4      | Noticed Sigmund
  2810 | D:4      | Killed Sigmund
  2811 | D:4      | Reached skill level 1 in Stealth
  2811 | D:4      | Gained mutation: You have a tail ending in a sharp stinger.
                  | [demonic ancestry]
  2811 | D:4      | Reached XP level 5. HP: 20/39 MP: 5/5
  2895 | D:4      | Found an ornate altar of the Wu Jian Council.
  2941 | D:4      | Gained mutation: You may rarely emit foul miasma when
                  | damaged in melee. [demonic ancestry]
  2941 | D:4      | Reached XP level 6. HP: 37/46 MP: 6/6
  3179 | D:2      | Bought a scroll of butterflies for 56 gold pieces
  3179 | D:2      | Bought a scroll of revelation for 105 gold pieces
  3179 | D:2      | Bought a scroll of identify for 28 gold pieces
  3185 | D:2      | Learned a level 3 spell: Passwall
  3255 | D:4      | Found Lukherah's Assorted Antiques.
  3338 | D:4      | Found a shimmering blue altar of Sif Muna.
  3338 | D:4      | Found a snail-covered altar of Cheibriados.
  3362 | D:4      | Reached * piety under Dithmenos
  3422 | D:4      | Found a blossoming altar of Fedhas.
  3522 | D:4      | Noticed Pikel
  3548 | D:4      | Killed Pikel
  3549 | D:4      | Reached skill level 1 in Spellcasting
  3549 | D:4      | Reached skill level 1 in Conjurations
  3549 | D:4      | Reached XP level 7. HP: 31/52 MP: 6/9
  4413 | D:5      | Entered Level 5 of the Dungeon
  4431 | D:5      | Reached skill level 4 in Shapeshifting
  4436 | D:5      | Identified the +1 ring mail "Dyuptare" {rF++ Int+3 Slay+3}
  4438 | D:5      | Noticed Grinder
  4533 | D:4      | Killed Grinder
  4534 | D:4      | Reached XP level 8. HP: 50/58 MP: 10/10
  4759 | D:5      | Reached skill level 5 in Shapeshifting
  4999 | D:5      | Found a sacrificial altar of Ru.
  5003 | D:5      | Found a shadowy altar of Dithmenos.
  5021 | D:5      | Noticed Dowan
  5027 | D:5      | Killed Dowan
  5136 | D:5      | Learned a level 3 spell: Stone Arrow
  5157 | D:5      | Found a radiant altar of Vehumet.
  5159 | D:5      | Found a burning altar of Makhleb.
  5234 | D:5      | Noticed Duvessa
  5245 | D:5      | Killed Duvessa
  5246 | D:5      | Reached skill level 6 in Shapeshifting
  5337 | D:5      | Identified the +0 leather armour of Tulips {rElec rN+ Will-
                  | Stlth+}
  5855 | D:6      | Reached skill level 7 in Shapeshifting
  6192 | D:6      | Found a shimmering altar of Xom.
  6212 | D:6      | Reached XP level 9. HP: 54/64 MP: 5/11
  6306 | D:6      | Reached skill level 8 in Shapeshifting
  6316 | D:6      | Reached ** piety under Dithmenos
  6724 | D:7      | Found a staircase to the Ecumenical Temple.
  7113 | D:7      | Noticed Prince Ribbit
  7249 | D:7      | Killed Prince Ribbit
  7250 | D:7      | Reached skill level 9 in Shapeshifting
  7399 | Temple   | Entered the Ecumenical Temple
  7533 | D:7      | Noticed Maggie
  7544 | D:7      | Killed Maggie
  7545 | D:7      | Reached skill level 10 in Shapeshifting
  7574 | D:7      | Noticed Maurice
  7734 | D:7      | Maurice stole a granite talisman
  7735 | D:7      | Maurice stole a ring of fire
  7737 | D:7      | Maurice stole 71 stones
  7739 | D:7      | Killed Maurice
  7873 | D:7      | Gained mutation: You have a sharp stinger which inflicts
                  | weakening toxins. [demonic ancestry]
  7873 | D:7      | Reached XP level 10. HP: 70/70 MP: 12/12
  8130 | D:8      | Found a broken altar of Ashenzari.
  8401 | D:8      | Reached skill level 11 in Shapeshifting
  8798 | D:8      | Found a hide-covered altar of Uskayaw.
  8798 | D:8      | Found an iron altar of Okawaru.
  8856 | D:9      | Found a staircase to the Lair.
  8950 | D:9      | Reached *** piety under Dithmenos
  9142 | D:9      | Reached skill level 12 in Shapeshifting
  9310 | D:9      | Found a staircase to the Orcish Mines.
  9590 | D:9      | Found a stormy altar of Qazlal.
  9830 | D:2      | Bought a scroll of butterflies for 56 gold pieces
  9830 | D:2      | Bought 3 scrolls of identify for 84 gold pieces
  9830 | D:2      | Bought a scroll of identify for 28 gold pieces
  9936 | D:10     | Entered Level 10 of the Dungeon
 10162 | D:10     | Noticed a two-headed ogre
 10172 | D:10     | Killed a two-headed ogre
 10176 | D:10     | Reached **** piety under Dithmenos
 10177 | D:10     | Gained mutation: You are completely covered in large bone
                  | plates. (SH +8) [demonic ancestry]
 10177 | D:10     | Reached XP level 11. HP: 60/75 MP: 13/13
 10222 | D:10     | Reached skill level 13 in Shapeshifting
 11218 | D:10     | Learned a level 4 spell: Brom's Barrelling Boulder
 11288 | Orc:1    | Entered Level 1 of the Orcish Mines
 11394 | D:11     | Noticed Erolcha
 11395 | D:11     | Noticed a boulder beetle
 11405 | D:11     | Noticed Fannar
 11499 | D:11     | Killed Fannar
 11548 | D:11     | Killed a boulder beetle
 11597 | D:11     | Noticed a two-headed ogre
 11656 | D:11     | Reached skill level 5 in Invocations
 11756 | D:11     | Killed a two-headed ogre
 11757 | D:11     | Reached skill level 14 in Shapeshifting
 11982 | D:11     | Killed Erolcha
 12287 | D:12     | Noticed a two-headed ogre
 12297 | D:12     | Killed a two-headed ogre
 12329 | D:12     | Reached skill level 1 in Ranged Weapons
 12329 | D:12     | Gained mutation: You regenerate magic rapidly. [demonic
                  | ancestry]
 12329 | D:12     | Reached XP level 12. HP: 81/81 MP: 16/16
 12417 | D:12     | Noticed a boulder beetle
 12422 | D:12     | Reached skill level 5 in Earth Magic
 12432 | D:12     | Killed a boulder beetle
 13251 | D:13     | Noticed a tengu warrior
 13833 | Orc:1    | You fall into a shaft and drop 1 floor!
 13833 | Orc:2    | Entered Level 2 of the Orcish Mines
 13856 | Orc:2    | Found a staircase to the Elven Halls.
 14491 | Orc:2    | Noticed a two-headed ogre
 14493 | Orc:2    | Found Luerinu Erewk's Overcharged Wands.
 14499 | Orc:2    | Killed a two-headed ogre
 14670 | Orc:2    | Reached skill level 15 in Shapeshifting
 15368 | Orc:2    | Reached ***** piety under Dithmenos
 15368 | Orc:2    | Noticed a centaur warrior
 15386 | Orc:2    | Killed a centaur warrior
 15699 | Orc:2    | Found Ewocun's Distillery.
 15699 | Orc:2    | Found Uczoz's Antique Weapon Shop.
 15701 | Orc:2    | Found Yquacott's Book Boutique.
 15703 | Orc:2    | Found Beirias's Antique Armour Shoppe.
 15714 | Orc:2    | Bought a book of Transmutation for 336 gold pieces
 15721 | Orc:2    | Bought a potion of curing for 36 gold pieces
 15721 | Orc:2    | Bought a potion of haste for 120 gold pieces
 15721 | Orc:2    | Bought a potion of might for 48 gold pieces
 15721 | Orc:2    | Bought a potion of lignification for 36 gold pieces
 15721 | Orc:2    | Bought a potion of haste for 120 gold pieces
 15721 | Orc:2    | Bought a potion of heal wounds for 60 gold pieces
 15721 | Orc:2    | Bought a potion of resistance for 120 gold pieces
 16068 | D:13     | Killed a tengu warrior
 16069 | D:13     | Reached XP level 13. HP: 86/86 MP: 19/19
 16240 | D:13     | Noticed Urug
 16255 | D:13     | Killed Urug
 16503 | D:13     | Learned a level 4 spell: Petrify
 16619 | D:14     | Reached skill level 1 in Alchemy
 17114 | D:14     | Noticed Frances
 17126 | D:14     | Reached skill level 5 in Ranged Weapons
 17244 | D:14     | Found a stormy altar of Qazlal.
 17251 | D:14     | Reached skill level 5 in Unarmed Combat
 17347 | D:13     | Killed Frances
 17528 | D:14     | Found a gate to the Vaults.
 17590 | D:13     | Gained mutation: You are robust. (+10% HP) [demonic
                  | ancestry]
 17590 | D:13     | Reached XP level 14. HP: 105/105 MP: 20/20
 17865 | D:14     | Found a bloodstained altar of Trog.
 18121 | Lair:1   | Entered Level 1 of the Lair of Beasts
 18148 | Lair:1   | Noticed Gastronok
 18164 | Lair:1   | Killed Gastronok
 18165 | Lair:1   | Reached skill level 5 in Fighting
 18166 | Lair:1   | Noticed Sonja
 18343 | Lair:1   | Killed Sonja
 19133 | Lair:2   | Found a staircase to the Swamp.
 19327 | Lair:1   | Reached skill level 5 in Dodging
 19366 | Lair:2   | Found a staircase to the Snake Pit.
 20327 | Lair:2   | Reached skill level 5 in Stealth
 20367 | Lair:3   | Learned a level 5 spell: Irradiate
 20543 | Lair:2   | Reached skill level 16 in Shapeshifting
 20717 | D:4      | Bought a scroll of identify for 42 gold pieces
 20717 | D:4      | Bought a potion of curing for 63 gold pieces
 20717 | D:4      | Bought a scroll of identify for 42 gold pieces
 20717 | D:4      | Bought a potion of curing for 63 gold pieces
 20717 | D:4      | Bought a scroll of immolation for 84 gold pieces
 21709 | Lair:4   | Noticed Kirke
 21712 | Lair:4   | Noticed a sphinx
 23145 | Lair:3   | Killed Kirke
 23708 | Lair:4   | Gained mutation: You sometimes emit foul miasma when
                  | damaged in melee. [demonic ancestry]
 23708 | Lair:4   | Reached XP level 15. HP: 115/115 MP: 21/21
 24082 | Lair:5   | Entered Level 5 of the Lair of Beasts
 24151 | Lair:5   | Found a viscous altar of Jiyva.
 24151 | Lair:5   | Found a staircase to the Slime Pits.
 24503 | Lair:5   | Reached skill level 17 in Shapeshifting
 25390 | D:15     | Entered Level 15 of the Dungeon
 25403 | D:15     | Found a gate leading to a gauntlet.
 25411 | Gauntlet | Entered a Gauntlet
 25411 | Gauntlet | Found a transporter.
 25411 | Gauntlet | Found a transporter.
 25415 | Gauntlet | Found a transporter.
 25415 | Gauntlet | Found a transporter.
 25444 | Gauntlet | Found a transporter.
 25476 | Gauntlet | Found a transporter.
 25487 | Gauntlet | Found a transporter.
 25508 | Gauntlet | Found a transporter.
 25522 | Gauntlet | Found a transporter.
 25618 | Gauntlet | Found a transporter.
 25633 | Gauntlet | Found a transporter.
 25646 | Gauntlet | Found a transporter.
 25662 | Gauntlet | Found a transporter.
 25739 | Gauntlet | Found a transporter.
 25749 | Gauntlet | Found a transporter.
 25760 | Gauntlet | Found a transporter.
 25951 | Gauntlet | Identified the +4 helmet of the Distant Future {Int+3}
 26157 | Gauntlet | Got the Spellbook of Electricity
 26352 | D:15     | Incinerated by a deep elf pyromancer

Illustrated notes

Levels and vault maps discovered:
D:1:      wander_arrival_peaceful_grave, layout_loops_corners
D:2:      layout_basic, serial_co_window_serial, co_window_paths_a,
          co_window_paths_b, co_window_cross_1, co_window_corner_a,
          co_window_paths_b, co_window_corner_a, co_window_of_opportunity_a,
          co_window_corner_b, co_window_of_opportunity_c, co_window_paths_c,
          co_window_cross_4, basic_altar, serial_shops, nicolae_shop_statue_plus
D:3:      layout_basic, tgw_kikubaaqudgha, minmay_misc_feat_roman,
          guppyfry_early_lair_pool
D:4:      kennysheep_six_static_rooms, layout_loops_corners,
          mainiacjoe_overflow_six_doors_small, mainiacjoe_overflow_alcove_1,
          jmf_multi_god_temple, serial_shops, nicolae_shop_hallway_plus,
          uniq_pikel, uniq_sigmund
D:5:      layout_cave_pools, nicolae_overflow_hidden_temple, uniq_duvessa,
          uniq_grinder
D:6:      layout_cave_pools, xom_confusion_cloud, grunt_ministairs_15,
          minmay_misc_feat_pillars
D:7:      layout_cave_pools, minmay_temple_entry_ruins, kennysheep_small_circle,
          uniq_maurice, uniq_prince_ribbit1, uniq_maggie
D:8:      layout_loops_ring, mainiacjoe_overflow_small_starburst,
          ashenzari_altar_1, gammafunk_temple_overflow_wave
D:9:      layout_long_grid, marbit_many_paths, lair_entry_dummy, david_orc_4
D:10:     layout_layer_cave
D:11:     layout_cave_pools, minmay_increasing_density, uniq_erolcha,
          uniq_fannar
D:12:     layout_loops_corners
D:13:     layout_basic, portal_ice_cave_entry_pillars_1, zin_statuary, uniq_urug
D:14:     layout_basic, grunt_vaults_entry_fortified, bloody_trog,
          grunt_qazlal_clouds, uniq_frances
D:15:     gammafunk_enter_depths_forms, layout_irregular_city,
          gauntlet_entry_generic, serial_park_square2, uniq_jorgrun
Temple:   hellmonk_temple_beads
Lair:1:   layout_gridlike, mumra_transporter_accident, uniq_gastronok,
          uniq_sonja
Lair:2:   layout_loops_ring, swamp_mist, guppyfry_snake_entry_garden
Lair:3:   layout_gridlike
Lair:4:   layout_hall_layers, beast_lair_carwin_5, lemuel_fruit_tree,
          grunt_megastairs_4, serial_bayou_shore_b, uniq_kirke
Lair:5:   gammafunk_lair_ancient_temple, layout_hall_layers,
          minmay_slime_entry_jelly_boxes, chequers_serial_rivers_marsh,
          serial_bayou_shore_a
Orc:1:    layout_caves, basic_altar, regret_index_minedec_guest_junction
Orc:2:    st_orc_rangers, layout_caves, nicolae_shop_overcharged_wands

Skill      XL: |  1  2  3  4  5  6  7  8  9 10 11 12 13 14 15 |
---------------+----------------------------------------------+-----
Dodging        | 2 3 4 5 |  5.5
Unarmed Combat | 3 4 5 |  5.9
Shapeshifting  | 3 4 7 10 12 14 15 16 17 | 17.6
Earth Magic    | 1 2 4 6 7 |  7.8
Fighting       | 2 3 4 6 |  6.0
Stealth        | 1 2 4 5 |  5.4
Spellcasting   | 1 3 4 |  4.5
Conjurations   | 1 3 4 |  4.9
Invocations    | 2 6 8 |  8.7
Ranged Weapons | 1 4 5 6 |  6.0
Alchemy        | 2 4 |  4.1

Action                     |  1- 3 |  4- 6 |  7- 9 | 10-12 | 13-15 || total
---------------------------+-------+-------+-------+-------+-------++-------
  Melee: Unarmed           |   116 |    55 |   189 |   607 |   982 ||  1949
         Punch             |     2 |       |     2 |    22 |    58 ||    84
         Tailslap          |       |    12 |    37 |   113 |   215 ||   377
   Fire: Arbalest          |       |       |       |    52 |    82 ||   134
  Throw: Dart              |       |     3 |    22 |    24 |       ||    49
   Cast: Sandblast         |       |     1 |    34 |     5 |    14 ||    54
         Stone Arrow       |       |       |       |     7 |    10 ||    17
         Brom's Barrelling |       |       |       |       |    11 ||    11
         Petrify           |       |       |       |       |     2 ||     2
         Passwall          |       |       |       |       |     1 ||     1
 Invoke: Shadow Step       |       |       |     1 |     4 |     2 ||     7
         Shadow Form       |       |       |       |       |     2 ||     2
Ability: Begin Untransform |       |       |     4 |     2 |       ||     6
  Evoke: Wand              |       |     3 |    15 |     9 |     4 ||    31
         Condenser vane    |       |       |       |       |     1 ||     1
    Use: Scroll            |     2 |     3 |     8 |    17 |    13 ||    43
         Potion            |       |     1 |     1 |     4 |     4 ||    10
   Stab: Sleeping          |     2 |     1 |     4 |     8 |    14 ||    29
         Distracted        |       |       |       |     1 |       ||     1
         Petrifying        |       |       |       |       |     1 ||     1
         Petrified         |       |       |       |       |     1 ||     1
 Armour: Animal skin       |    60 |    22 |     9 |       |       ||    91
         Skin              |       |       |     7 |   519 |  1081 ||  1607
         Ring mail         |       |       |    83 |   104 |       ||   187
         Troll leather arm |       |       |       |       |     2 ||     2
  Dodge: Dodged            |    49 |    29 |    84 |   642 |  1086 ||  1890
  Block: Other             |    12 |    13 |    48 |   299 |   631 ||  1003
   Form: Beast             |       |       |     3 |       |       ||     3
         Statue            |       |       |     1 |     2 |       ||     3

Table legend: (Time is in decaauts)
 A = Elapsed time spent in this place.
 B = Non-inter-level travel time spent in this place.
 C = Inter-level travel time spent in this place.
 D = Time resting spent in this place.
 E = Time spent auto-exploring this place.
 F = Levels seen in this place.
 G = Mean time per level.
                   A        B        C        D        E       F      G
               +--------+--------+--------+--------+--------+-----+--------+
         Total |  34425 |  31562 |   2863 |   5599 |  15883 |  24 | 1434.4 |
       Dungeon |  19136 |  16995 |   2141 |   2193 |   9665 |  15 | 1275.7 |
        Temple |    174 |    167 |      7 |    153 |      0 |   1 |  174.0 |
          Lair |  10262 |   9631 |    631 |   1952 |   4661 |   5 | 2052.4 |
  Orcish Mines |   3727 |   3644 |     83 |   1078 |   1203 |   2 | 1863.5 |
      Gauntlet |   1124 |   1124 |      0 |    222 |    354 |   1 | 1124.0 |
               +--------+--------+--------+--------+--------+-----+--------+

Top non-repeatable levels by time:
  Lair:3: 3450 daAuts
     D:4: 2133 daAuts
   Orc:1: 2017 daAuts
    D:14: 1972 daAuts
  Lair:1: 1916 daAuts
    D:10: 1819 daAuts
   Orc:2: 1710 daAuts
  Lair:4: 1710 daAuts
    D:12: 1675 daAuts
  Lair:2: 1613 daAuts
  Lair:5: 1571 daAuts
     D:6: 1451 daAuts
    D:13: 1368 daAuts
    D:11: 1338 daAuts
     D:9: 1299 daAuts
